cohdb
Replays
Latest Replays
All Replays
Popular Replays
Top Player Replays
Match Explorer
How It Works
Community
CoH3 Stats
Reddit
Sign in to upload your games and track your stats! →
Sign in with Steam
Match 45806091
Unlisted
Match 45806091
Overview
Messages
Build Orders
End
Construct Section Command Post
Royal Engineer Section
Infantry Section
Infantry Section
Infantry Section
Selects Canadian Shock Battlegroup
Selects Canadian Shock Battlegroup
Selects Attacking Spirit
Selects Canadian Shock Section
Construct Field Infirmary
Construct Platoon Command Post
Selects Incendiary Munitions
Humber Armored Car
Humber Armored Car
Infantry Section
Infantry Section
Selects Pyrotechnics
Construct Company Command Post
Crusader II Medium Tank
6-pounder Anti-tank Gun Team
Matilda II Heavy Tank
Selects Churchill Crocodile Heavy Tank
Churchill Crocodile Heavy Tank
Unlock Towed 17-pounder Anti-tank Guns
ZELOT
Winitariy
JEFG
Seocheon
0
0
Comments
sign in to comment!
No comments posted yet!